 Dungeon Crawl Stone Soup version 0.28-a0-1447-ga5a8893891 (webtiles) character file.

Game seed: 13276979867900684717

135 hashsling the Shooter (level 4, -1/25 HPs)
             Began as a Deep Elf Arcane Marksman on Jan 11, 2022.
             Killed from afar by Natasha (5 damage)
             ... with a magic dart
             ... on level 2 of the Dungeon.
             The game lasted 00:12:19 (2913 turns).

hashsling the Shooter (Deep Elf Arcane Marksman)    Turns: 2913, Time: 00:12:21

Health: -1/25      AC:  4    Str:  7    XL:     4   Next: 96%
Magic:  8/9        EV: 13    Int: 18    God:
Gold:   84         SH:  0    Dex: 17    Spells: 4/7 levels left

rFire   . . .      SeeInvis .   a - +0 shortbow
rCold   . . .      Faith    .   (shield currently unavailable)
rNeg    . . .      Spirit   .   d - +0 robe
rPois   .          Reflect  .   j - +1 helmet
rElec   .          Harm     .   (no cloak)
rCorr   .          Rampage  .   (no gloves)
Will    .....                   (no boots)
Stlth   ++........              (no amulet)
HPRegen 0.08/turn               (no ring)
MPRegen 0.11/turn               (no ring)

@: no status effects
A: no striking features
a: no special abilities


You were on level 2 of the Dungeon.
You visited 1 branch of the dungeon, and saw 2 of its levels.

You collected 84 gold pieces.

Inventory:

Hand Weapons
 a - a +0 shortbow (weapon)
 b - a +0 short sword
Missiles
 c - 20 arrows (quivered ammo)
 f - 19 poisoned darts
 h - 5 datura-tipped darts
Armour
 d - a +0 robe (worn)
 j - a +1 helmet (worn)
Scrolls
 e - a scroll of enchant weapon {unknown}
 i - 3 scrolls of noise {unknown}
Potions
 g - 2 potions of heal wounds {unknown}


   Skills:
 - Level 1.0 Fighting
 * Level 5.2 Bows
 + Level 3.7 Dodging
 - Level 2.0 Spellcasting
 + Level 4.8 Hexes


You had 4 spell levels left.
You knew the following spells:

 Your Spells              Type           Power      Damage    Failure   Level
a - Slow                  Hex            76%        N/A       2%          1
b - Ensorcelled Hibernat  Hex/Ice        20%        N/A       11%         2

Your spell library contained the following spells:

 Spells                   Type           Power      Damage    Failure   Level
 Inner Flame              Hex/Fire       10%        N/A       21%         3
 Portal Projectile        Hex/Tloc       20%        N/A       21%         3
 Cause Fear               Hex            9%         N/A       24%         4
 Passwall                 Tmut/Erth      0%         N/A       26%         2
 Swiftness                Air            1%         N/A       47%         3


Dungeon Overview and Level Annotations

Branches:
Dungeon (2/15)

Altars:

Annotations:
D:2 Natasha


Message History

Press: ? - help, Q - select action, (/) - cycle Shift-Dir - straight line, f/p - Natasha
Aim: Natasha (almost dead, 55% to hit)
You shoot an arrow. The arrow hits Natasha.
You kill Natasha!
Natasha screams in pain as she dies!
The iron imp disappears in a puff of smoke!
The white imp disappears in a puff of smoke!
Your Bows skill increases to level 5!
Natasha, Servant of Life and Death comes into view.
Casting: Slow (safe; 2% risk of failure)
Confirm with . or Enter, or press ? or * to list all spells.
Aiming: Slow (safe; 2% risk of failure)
Press: ? - help, Shift-Dir - straight line, f - Natasha
Aim: Natasha (chance to affect: 59%) Natasha resists with significant effort.
Casting: Slow (safe; 2% risk of failure)
Confirm with . or Enter, or press ? or * to list all spells.
Aiming: Slow (safe; 2% risk of failure)
Press: ? - help, Shift-Dir - straight line, f/p - Natasha
Aim: Natasha (chance to affect: 59%) Natasha seems to slow down.
Natasha stares at you and mumbles some strange words.
You resist with some effort.
There is an open door here.
c - 19 arrows (gained 1)
You see here an arrow.
c - 20 arrows (gained 1) Natasha stares at you and mumbles some strange words.
The magic dart hits you!
* * * LOW HITPOINT WARNING * * *
You see here an arrow.
Casting: Slow (safe; 2% risk of failure)
Confirm with . or Enter, or press ? or * to list all spells.
Aiming: Slow (safe; 2% risk of failure)
Press: ? - help, Shift-Dir - straight line, f/p - Natasha
Aim: Natasha (chance to affect: 59%) Natasha resists with significant effort.
Natasha stares at you and mumbles some strange words.
The magic dart hits you.
You die...

...8...8.................#.#####.
.#...#.....#.............#....#..
###.###..#h.................#.#.#
.#...#.................####.#.#.#
...8...8...........#.######.#.#.#
.#...#.............#.#........#.#
###.###..................##.###.#
.#...#....##................#...#
...8...8........@........####.###
.........................# #.#
............##....#......# #.#
........................#####.#
...........#............##....#
........>..#............##.####
...........#............##.#<.#
....................######.##.#
#..................## ####.##.#


You could see Natasha.

Vanquished Creatures
  Jessica (D:2)
  Natasha (D:2)
  An iguana (D:1)
  5 bats
  3 endoplasms
  4 goblins
  3 hobgoblins
  10 jackals
  4 quokkas
  3 ball pythons (D:1)
  9 frilled lizards
  7 kobolds
  6 rats
57 creatures vanquished.

Notes
Turn   | Place    | Note
-------+----------+-------------------------------------------
     0 | D:1      | hashsling the Deep Elf Arcane Marksman began the quest for
                  | the Orb.
     0 | D:1      | Reached XP level 1. HP: 11/11 MP: 5/5
    63 | D:1      | Reached skill level 3 in Bows
   106 | D:1      | Reached skill level 1 in Fighting
   133 | D:1      | Reached XP level 2. HP: 11/16 MP: 6/6
   133 | D:1      | Found a faded altar of an unknown god.
   262 | D:1      | Learned a level 2 spell: Ensorcelled Hibernation
   840 | D:1      | Reached XP level 3. HP: 20/20 MP: 8/8
   939 | D:1      | Reached skill level 4 in Bows
  1549 | D:2      | Reached XP level 4. HP: 25/25 MP: 9/9
  1754 | D:2      | Noticed Jessica
  1770 | D:2      | Killed Jessica
  2220 | D:2      | Noticed Natasha
  2226 | D:2      | HP: 1/25 [Natasha (7)]
  2863 | D:2      | Killed Natasha
  2864 | D:2      | Reached skill level 5 in Bows
  2874 | D:2      | Noticed Natasha
  2913 | D:2      | Killed from afar by Natasha

Illustrated notes

Levels and vault maps discovered:
D:1:      dpeg_arrival_orchard, layout_rooms, shapermc_ecumenical_altar_venn
D:2:      layout_basic, minmay_misc_feat_four_crosses,
          wander_ebering_terrifying_dragon_lair, uniq_jessica, uniq_natasha

Skill      XL: |  1  2  3  4 |
---------------+-------------+-----
Bows           | 3 4 5 |  5.2
Fighting       | 1 |  1.0
Spellcasting   | 2 |  2.0
Dodging        | 3 |  3.7
Hexes          | |  4.8

Action                   |  1- 3 |  4- 6 || total
-------------------------+-------+-------++-------
Melee: Short sword       |    45 |    31 ||    76
       Punch             |     1 |       ||     1
 Fire: Shortbow          |    76 |    33 ||   109
 Cast: Slow              |     3 |    14 ||    17
       Ensorcelled Hiber |     1 |     2 ||     3
  Use: Scroll            |     1 |       ||     1
Armor: Robe              |    12 |     9 ||    21
Dodge: Dodged            |    65 |    35 ||   100

Table legend: (Time is in decaauts)
 A = Elapsed time spent in this place.
 B = Non-inter-level travel time spent in this place.
 C = Inter-level travel time spent in this place.
 D = Time resting spent in this place.
 E = Time spent auto-exploring this place.
 F = Levels seen in this place.
 G = Mean time per level.
                   A        B        C        D        E       F      G
               +--------+--------+--------+--------+--------+-----+--------+
         Total |   2908 |   2842 |     66 |    184 |   1827 |   2 | 1454.0 |
       Dungeon |   2908 |   2842 |     66 |    184 |   1827 |   2 | 1454.0 |
               +--------+--------+--------+--------+--------+-----+--------+

Top non-repeatable levels by time:
     D:2: 1838 daAuts
     D:1: 1070 daAuts
